 Dungeon Crawl Stone Soup version 0.27.0-1-g7a089689b8 (webtiles) character file.

Game seed: 14491597360071765739

106 alphawulf the Chiller (level 4, -1/30 HPs)
             Began as a Merfolk Ice Elementalist on Aug 1, 2021.
             Slain by an orc (2 damage)
             ... on level 3 of the Dungeon.
             The game lasted 00:09:02 (3035 turns).

alphawulf the Chiller (Merfolk Ice Elementalist)    Turns: 3035, Time: 00:09:03

Health: -1/30      AC:  5    Str:  9    XL:     4   Next: 84%
Magic:  4/8        EV: 12    Int: 14    God:
Gold:   125        SH:  0    Dex: 14    Spells: 4/8 levels left

rFire    + . .     SeeInvis .   a - +1 spear
rCold    . . .     Faith    .   (no shield)
rNeg     . . .     Spirit   .   o - +2 leather armour {rF+}
rPois    .         Reflect  .   (no helmet)
rElec    .         Harm     .   (no cloak)
rCorr    .         Rampage  .   (no gloves)
Will     .....                  (no boots)
Stlth    +.........             (no amulet)
HPRegen  0.10/turn              (no ring)
MPRegen  0.11/turn              (no ring)

@: confused
A: (nimble swimmer 2), mertail
a: no special abilities


You were on level 3 of the Dungeon.
You visited 1 branch of the dungeon, and saw 3 of its levels.

You collected 125 gold pieces.

Inventory:

Hand Weapons
 a - a +1 spear (weapon)
Missiles
 p - 27 sling bullets
Armour
 o - a +2 leather armour of fire resistance (worn)
Jewellery
 e - a ring of ice
Scrolls
 c - a scroll of holy word {unknown}
Potions
 b - a potion of brilliance
 f - a potion of curing {unknown}
 h - a potion of invisibility {unknown}
 l - a potion of ambrosia {unknown}
 n - a potion of berserk rage {unknown}


   Skills:
 + Level 0.2 Fighting
 + Level 0.8 Short Blades
 + Level 0.1 Maces & Flails
 + Level 0.8 Armour
 + Level 3.1 Dodging
 + Level 2.7 Stealth
 + Level 2.7 Spellcasting
 + Level 5.3 Ice Magic


You had 4 spell levels left.
You knew the following spells:

 Your Spells              Type           Power      Damage    Failure   Level
a - Freeze                Ice            64%        1d8       3%          1
b - Ozocubu's Armour      Ice            16%        N/A       10%         3

Your spell library contained the following spells:

 Spells                   Type           Power      Damage    Failure   Level
 Frozen Ramparts          Ice            32%        1d5       10%         3
 Hailstorm                Conj/Ice       9%         3d4       69%         4


Dungeon Overview and Level Annotations

Branches:
Dungeon (3/15)

Altars:
Okawaru

Shops:
D:1 (


Innate Abilities, Weirdness & Mutations

((You are quick and stealthy near water. (Stealth+, EV+, Speed+++)))
Your lower body shifts to a powerful aquatic tail in water.


Message History

Your icy armour cracks and falls away as you move.
You feel less confused.
You miss something. The orc closely misses you.
Something hits you but does no damage.
You completely miss the orc. The orc hits you with a +0 whip.
Something hits you. The orc closely misses you.
You closely miss the orc.
You hear some strange, mumbled words.
A puff of flame appears from out of thin air!
The puff of flame misses you. The orc barely misses you.
You hit the orc.
The orc is heavily wounded.
Something hits you but does no damage. The orc barely misses you.
You hear some strange, mumbled words.
You are confused.
You bump into the rock wall.
The orc hits you with a +0 whip. Something hits you.
You bump into the rock wall.
The orc hits you with a +0 whip.
* * * LOW HITPOINT WARNING * * *
You hear some strange, mumbled words.
Something tries to affect you, but you resist.
You barely miss the orc.
The orc is heavily wounded.
The orc hits you with a +0 whip.
* * * LOW HITPOINT WARNING * * *
Something hits you.
* * * LOW HITPOINT WARNING * * *
You miss the orc.
The orc is heavily wounded.
The orc hits you with a +0 whip.
* * * LOW HITPOINT WARNING * * *
Something hits you.
* * * LOW HITPOINT WARNING * * *
You hit the orc.
The orc is heavily wounded.
The orc hits you but does no damage. Something hits you but does no damage.
You hit the orc.
The orc is almost dead.
The orc hits you with a +0 whip.
You die...

#.# #. ##.# #.
###..## #. #.....#
#. #..#..# #.
#.#_#.# #.
#####..#..#######.
#.{...............
#@################
#o# #g# ... ..#
.### . #.


You could see an orc and a goblin.

Vanquished Creatures
  A hound (D:3)
  A jelly (D:3)
  2 dart slugs
  2 orcs (D:3)
  7 endoplasms
  A giant cockroach (D:1)
  A hobgoblin (D:3)
  5 quokkas (D:1)
  3 ball pythons
  6 bats
  4 frilled lizards
  5 kobolds (D:1)
  3 rats (D:1)
41 creatures vanquished.

Notes
Turn   | Place    | Note
-------+----------+-------------------------------------------
     0 | D:1      | alphawulf the Merfolk Ice Elementalist began the quest for
                  | the Orb.
     0 | D:1      | Reached XP level 1. HP: 13/13 MP: 3/3
   313 | D:1      | Found Lis Ciukeno's Antique Weapon Shop.
   382 | D:1      | Reached XP level 2. HP: 17/19 MP: 0/5
  1071 | D:1      | Found a faded altar of an unknown god.
  1094 | D:1      | Reached XP level 3. HP: 24/24 MP: 4/6
  1333 | D:1      | Reached skill level 5 in Ice Magic
  1930 | D:2      | You fall into a shaft and drop 1 floor!
  1949 | D:3      | Reached XP level 4. HP: 25/30 MP: 2/7
  2943 | D:3      | Learned a level 3 spell: Ozocubu's Armour
  2986 | D:3      | Found an iron altar of Okawaru.
  3033 | D:3      | HP: 1/30 [something (1)]
  3035 | D:3      | Slain by an orc

Illustrated notes

Levels and vault maps discovered:
D:1:      psy_arrival_radial02, layout_loops_ring,
          shapermc_ecumenical_altar_flowoftime, serial_shops, shop,
          hangedman_decor_points
D:2:      layout_loops_ring, serial_bayou_crossing
D:3:      layout_basic, okawaru_metal_pillars_1_2

Skill      XL: |  1  2  3 |
---------------+----------+-----
Ice Magic      | 5 |  5.3
Dodging        | 3 |  3.1
Fighting       | |  0.2
Short Blades   | |  0.8
Maces & Flails | |  0.1
Armour         | |  0.8
Stealth        | |  2.7
Spellcasting   | |  2.7

Action                   |  1- 3 |  4- 6 || total
-------------------------+-------+-------++-------
Melee: Unarmed           |     1 |       ||     1
       Short sword       |    20 |       ||    20
       Club              |     3 |       ||     3
       Spear             |       |    37 ||    37
 Cast: Freeze            |    37 |    16 ||    53
       Ozocubu's Armour  |       |     1 ||     1
  Use: Scroll            |       |     7 ||     7
       Potion            |       |     1 ||     1
 Stab: Sleeping          |     2 |     3 ||     5
Armor: Robe              |     6 |       ||     6
       Leather armour    |     8 |    12 ||    20
Dodge: Dodged            |    40 |    16 ||    56
